 Dungeon Crawl Stone Soup version 0.32-a0-572-g3e1049bc92 (webtiles) character file.

Game seed: 7550872900276668455

1356539 NormalPerson7 the Conqueror (level 27, 323/323 HPs)
             Began as an Oni Hedge Wizard on Feb 29, 2024.
             Was the Champion of Fedhas.
             Escaped with the Orb
             ... and 3 runes on Mar 2, 2024!
             The game lasted 07:02:25 (114565 turns).

NormalPerson7 the Conqueror (Oni Hedge Wizard)    Turns: 114565, Time: 07:02:26

Health: 323/323    AC: 29    Str: 30    XL:     27
Magic:  38/38      EV:  7    Int: 20    God:    Fedhas [******]
Gold:   3384       SH: 21    Dex:  7    Spells: 3/48 levels left

rFire   + + .        a - +7 demon whip (chaos)
rCold   + . .        Y - +0 tower shield of Unreason {+Blink rElec}
rNeg    . . .        Q - +3 shadow dragon scales
rPois   +            U - +2 hat
rElec   +            G - +4 dragonskin cloak
rCorr   .            (gloves unavailable)
SInv    .            (boots unavailable)
Will    +++..        R - amulet of Generosity {Faith +Inv rPois rF+}
Stlth   +            u - ring of willpower
HPRegen 0.73/turn    I - ring of Ithruenit {rPois rF+ rC+}
MPRegen 0.26/turn

%: faith
@: no status effects
A: large, unfitting armour, horns 1, tough skin 1, double potion healing,
drunken brawling, large bone plates 1, deterioration 1, poison resistance,
strong 1, persistent drain
0: Orb of Zot
}: 3/15 runes: decaying, slimy, gossamer
a: Renounce Religion, Evoke Blink, Evoke Invisibility, Wall of Briars, Grow
Ballistomycete, Overgrow, Grow Oklob


You escaped.
You worshipped Fedhas.
Fedhas was exalted by your worship.
You visited 12 branches of the dungeon, and saw 55 of its levels.
You also visited: Gauntlet.

You collected 7563 gold pieces.
You spent 4179 gold pieces at shops.

Inventory:

Hand Weapons
 a - a +7 demon whip of chaos (weapon)
Missiles
 d - 9 throwing nets {!f}
 F - 10 javelins
 K - 11 silver javelins
 O - 27 large rocks (quivered)
Armour
 G - the +4 dragonskin cloak (worn)
   (You took it off Tiamat on level 2 of the Realm of Zot)

   Avatar's Aegis: It grants the wearer a chance to resist fire, cold, poison,
   electricity, acid, and negative energy.
 Q - +3 shadow dragon scales (worn)
 U - a +2 hat (worn)
 Y - the +0 tower shield of Unreason (worn) {+Blink rElec}
   (You took it off Mennas on level 4 of the Depths)

   rElec:     It insulates you from electricity.
   +Blink:    It lets you blink.
Magical Staves
 b - a staff of death
Jewellery
 u - a ring of willpower (left hand)
 B - the amulet "Daopavaa" {Rampage rPois Regen+ Int-5 Stlth+}
   (You found it on level 5 of the Pits of Slime)

   [amulet of regeneration]

   Int-5:     It affects your intelligence (-5).
   rPois:     It protects you from poison.
   Regen+:    It increases your rate of health regeneration.
   Rampage:   It bestows one free step when moving towards enemies.
   Stlth+:    It makes you more stealthy.
 D - the ring "Hirr" {rElec Str+4 SInv}
   (You found it in a Gauntlet)

   [ring of see invisible]

   Str+4:     It affects your strength (+4).
   rElec:     It insulates you from electricity.
   SInv:      It lets you see invisible.
 I - the ring of Ithruenit (right hand) {rPois rF+ rC+}
   (You acquired it on level 6 of the Dungeon)

   [ring of protection from fire]

   rF+:       It protects you from fire.
   rC+:       It protects you from cold.
   rPois:     It protects you from poison.
 L - the ring "Erimp" {rPois rF+ rCorr Str+3}
   (You found it on level 3 of the Realm of Zot)

   [ring of resist corrosion]

   Str+3:     It affects your strength (+3).
   rF+:       It protects you from fire.
   rPois:     It protects you from poison.
   rCorr:     It protects you from acid and corrosion.
 R - the amulet of Generosity (around neck) {Faith +Inv rPois rF+}
   (You bought it in a shop on level 4 of the Depths)

   [amulet of faith]

   Faith:     It allows you to gain divine favour quickly.
   rF+:       It protects you from fire.
   rPois:     It protects you from poison.
   +Inv:      It lets you turn invisible.
 S - the ring "Pacs" {Wiz rF+ Str+2}
   (You took it off a minotaur in a Gauntlet)

   [ring of wizardry]

   Wiz:       It improves your spell success rate.
   Str+2:     It affects your strength (+2).
   rF+:       It protects you from fire.
 V - the ring "Amemp" {rC+ rN++ Dex-2 Slay+4}
   (You took it off a vampire knight on level 3 of the Crypt)

   [ring of slaying]

   Dex-2:     It affects your dexterity (-2).
   Slay+4:    It affects your accuracy & damage with ranged weapons and melee
   (+4).
   rC+:       It protects you from cold.
   rN++:      It greatly protects you from negative energy.
Wands
 g - a wand of flame (9)
 n - a wand of charming (48)
 v - a wand of digging (12)
 J - a wand of light (8)
 P - a wand of warping (46)
 T - a wand of mindburst (25)
Scrolls
 e - 8 scrolls of revelation
 j - 8 scrolls of fog
 o - 6 scrolls of vulnerability
 t - 6 scrolls of teleportation
 x - 4 scrolls of blinking
 y - 8 scrolls of immolation
 C - 4 scrolls of poison
 E - 3 scrolls of silence
 M - 2 scrolls of butterflies
 N - a scroll of fear
Potions
 c - 18 potions of curing
 f - 9 potions of haste
 h - 6 potions of heal wounds
 i - 3 potions of resistance
 k - 10 potions of mutation
 l - 3 potions of cancellation
 p - 8 potions of brilliance
 q - 10 potions of lignification
 r - 2 potions of invisibility
 s - 3 potions of magic
 z - 4 potions of might
 H - 12 potions of ambrosia
 W - 5 potions of enlightenment
 Z - 3 potions of berserk rage
Miscellaneous
 m - a condenser vane
 w - a phial of floods
 A - a lightning rod (4/4)
 X - a sack of spiders


   Skills:
 O Level 27 Fighting
 - Level 12.0 Maces & Flails
 + Level 25.1 Throwing
 - Level 13.0 Armour
 - Level 5.0 Dodging
 - Level 1.4 Stealth
 - Level 15.0 Shields
 - Level 11.0 Spellcasting
 - Level 7.0 Conjurations
 - Level 1.0 Summonings
 - Level 15.1 Necromancy
 - Level 1.0 Translocations
 - Level 6.7 Air Magic
 - Level 10.0 Earth Magic
 - Level 5.0 Alchemy
 - Level 17.0 Invocations
 - Level 6.0 Evocations


You had 3 spell levels left.
You knew the following spells:

 Your Spells              Type           Power      Damage    Failure   Level
a - Curse of Agony        Necr           64%        N/A       2%          5
b - Swiftness             Air            37%        N/A       9%          3
c - Mephitic Cloud        Conj/Alch/Air  35%        N/A       11%         3
d - Vampiric Draining     Necr           64%        2d10      1%          3
e - Necrotise             Necr           100%       1d9       1%          1
f - Fugue of the Fallen   Necr           64%        N/A       1%          3
g - Magic Dart            Conj           100%       1d8       2%          1
h - Death Channel         Necr           32%        N/A       14%         6
i - Call Imp              Summ           30%        N/A       41%         2
j - Mercury Vapours       Alch/Air       68%        N/A       6%          2
n - Anguish               Hex/Necr       20%        N/A       21%         4
p - Apportation           Tloc           30%        N/A       30%         1
u - Dispel Undead         Necr           64%        3d22      1%          4
v - Borgnjor's Vile Clut  Necr/Erth      28%        N/A       8%          5
X - Blink                 Tloc           30%        N/A       41%         2

Your spell library contained the following spells:

 Spells                   Type           Power      Damage    Failure   Level
 Sandblast                Erth           100%       2d20      1%          1
 Cigotuvi's Dreadful Rot  Necr/Alch/Air  92%        N/A       1%          2
 Sublimation of Blood     Necr           64%        N/A       1%          2
 Passwall                 Erth           50%        N/A       2%          3
 Sting                    Conj/Alch      100%       1d9       3%          1
 Stone Arrow              Conj/Erth      90%        3d12      4%          3
 Foxfire                  Conj/Fire      100%       2x1d9     11%         1
 Momentum Strike          Conj/Tloc      54%        3d9       13%         2
 Summon Small Mammal      Summ           60%        N/A       30%         1
 Dazzling Flash           Conj/Hex       50%        N/A       32%         3
 Hailstorm                Conj/Ice       25%        3d7       32%         3
 Freeze                   Ice            44%        1d6       41%         1
 Slow                     Hex            44%        N/A       41%         1
 Lesser Beckoning         Tloc           30%        N/A       41%         2
 Ensorcelled Hibernation  Hex/Ice        22%        N/A       56%         2
 Jinxbite                 Hex            22%        N/A       56%         2
 Scorch                   Fire           22%        2d5       56%         2
 Call Canine Familiar     Summ           15%        N/A       65%         3
 Gell's Gravitas          Tloc           15%        N/A       65%         3
 Teleport Other           Tloc           15%        N/A       65%         3
 Summon Ice Beast         Ice/Summ       13%        N/A       73%         3
 Frozen Ramparts          Ice            22%        1d4       80%         3
 Brom's Barrelling Bould  Conj/Erth      45%        2d6       14%         4
 Martyr's Knell           Necr/Summ      43%        N/A       17%         4
 Leda's Liquefaction      Alch/Erth      20%        N/A       21%         4
 Petrify                  Alch/Erth      41%        N/A       21%         4
 Lee's Rapid Deconstruct  Erth           25%        3d14*     21%         5
 Animate Armour           Summ/Erth      66%        N/A       43%         4
 Olgreb's Toxic Radiance  Alch           31%        N/A       50%         4
 Summon Lightning Spire   Summ/Air       26%        N/A       67%         4
 Flame Wave               Conj/Fire      25%        2d8       71%         4
 Irradiate                Conj/Alch      17%        3d17      71%         5
 Alistair's Intoxication  Alch           20%        N/A       85%         5
 Freezing Cloud           Conj/Ice/Air   14%        6-21      89%         5
 Fireball                 Conj/Fire      12%        3d7       96%         5
 Summon Blazeheart Golem  Fire/Summ      13%        N/A       98%         4
 Cause Fear               Hex            5%         N/A       99%         4
 Infestation              Necr           32%        N/A       99%         8
 Plasma Beam              Fire/Air       12%        2x1d23    100%        6
 Sculpt Simulacrum        Ice/Alch       10%        N/A       100%        6
 Starburst                Conj/Fire      12%        6d5       100%        6
 Summon Cactus Giant      Summ           7%         N/A       100%        6
 Enfeeble                 Hex            5%         N/A       100%        7
 Haunt                    Necr/Summ      21%        N/A       100%        7
 Malign Gateway           Summ/Tloc      7%         N/A       100%        7
 Orb of Destruction       Conj           19%        9d8       100%        7
 Ozocubu's Refrigeration  Ice            5%         4d8       100%        7
 Spellforged Servitor     Conj/Summ      13%        N/A       100%        7
 Summon Hydra             Summ           7%         N/A       100%        7
 Discord                  Hex            5%         N/A       100%        8
 Summon Horrible Things   Summ           7%         N/A       100%        8
 Chain Lightning          Conj/Air       19%        3d25      100%        9
 Dragon's Call            Summ           7%         N/A       100%        9
 Fire Storm               Conj/Fire      12%        8d3       100%        9
 Shatter                  Erth           25%        3d21*     100%        9


Dungeon Overview and Level Annotations

Branches:
Dungeon (15/15)            Temple (1/1) D:5            Lair (5/5) D:10
  Swamp (4/4) Lair:3       Spider (4/4) Lair:2        Slime (5/5) Lair:4
    Orc (2/2) D:12            Elf (3/3) Orc:2        Vaults (4/5) D:14
  Crypt (3/3) Vaults:3       Tomb (0/3) Crypt:3      Depths (4/4) D:15
    Zot (5/5) Depths:4    Gauntlet (visited)

Altars:
Ashenzari
Cheibriados
Dithmenos
Elyvilon
Fedhas
Gozag
Hepliaklqana
Kikubaaqudgha
Makhleb
Nemelex Xobeh
Okawaru
Qazlal
Ru
Sif Muna
Trog
Uskayaw
Vehumet
Wu Jian
Xom
Yredelemnul
Zin
The Shining One
Beogh
Jiyva
Lugonu

Shops:
D:4 !   D:7 ?   D:10 (   Orc:1 (   Orc:2 :=*(   Elf:3 !   Vaults:3 :   Zot:4 *
Depths:4 =:=

Portals:
Hell: Depths:1 Depths:2 Depths:3 Depths:4
Abyss: Crypt:2 Depths:1 Depths:3
Pandemonium: Depths:2 Depths:3
Ziggurat: Depths:4

Annotations:
D:3 exclusion: ball python, Pargi
Spider:1 2 transporters, Naiq's ghost, adept VSBr
Elf:2 1 runed translucent door
Crypt:2 2 transporters


Innate Abilities, Weirdness & Mutations

You are too large for most types of armour.
You have a pair of small horns on your head.
You have tough skin. (AC +1)
You gain doubled healing and magic from potions.
Whenever you drink a healing potion, you attack all around you.
You are partially covered in large bone plates. (SH +4)
Your body sometimes deteriorates upon taking damage.
Your system is resistant to poisons. (rPois)
Your muscles are strong. (Str +4, Int/Dex -1)
Your health recovers twice as slowly from being drained.


Message History

The large rock closely misses the rust devil.
Throw: 29 large rocks
Press: ? - help, Q - select action, (/) - cycle Shift-Dir - straight line, f/p - rust devil
Aim: a rust devil (almost dead, 79% to hit)
You throw a large rock. The large rock hits the rust devil!!!!
You kill the rust devil!
Fedhas accepts your kill.
(D) Dungeon (T) Temple (L) Lair (S) Swamp (N) Spider Nest (M) Slime Pits (O) Orcish Mines (E) Elven Halls (V) Vaults (C) Crypt (W) Tomb (U) Depths (H) Hell (Z) Zot
Where to? (Tab/Enter - D:1 @ (x,y), ? - help)
You climb upwards.
There is a stone staircase leading down here.
There is a stone staircase leading down here.
You see here a +0 club.
There is a stone staircase leading up here.
You climb upwards.
There is a stone staircase leading down here.
Things that are here:
a +0 club; a frilled lizard skeleton An ice devil and a sun demon come into view.
There is an open door here.
Unknown command.
Throw: 28 large rocks
Press: ? - help, Q - select action, (/) - cycle Shift-Dir - straight line, f - ice devil
Aim: an ice devil (75% to hit)
You throw a large rock.
The large rock barely misses the ice devil.
The large rock closely misses the sun demon.
Wanwimem comes into view.
Unknown command.
Unknown command.
Unknown command.
Unknown command.
Blink to where?
Press: ? - help, Dir - move target, p - ice devil
As you read the scroll of blinking, it crumbles to dust.
There is a staircase leading out of the dungeon here.
You have escaped!

######
.###############....###
..........##..........###
###.....###...#####.....###
.(####.....####...####....#
..3.4###'###.4.......###..#
⌠..&...'.'......@......#..#
.....###§###.........###..#
..####.....####...####....#
###...........#####.......#
....##....................#
...##.............###.....#
..###.###..######## #####.#
.##### #.###### ### .....#
#.##...#


You could see a red devil.

Vanquished Creatures
  the Royal Jelly (Slime:5)
  2 dread liches
  Tiamat (Zot:2)
  An orb of fire (Zot:5)
  An ancient lich (Zot:5)
  Mennas (Depths:4)
  The ghost of Nornya the Convoker, a veteran MfSu of Ashenzari (Vaults:4)
  Saint Roka (Depths:1)
  5 Killer Klowns (Zot:5)
  A curse toe (Zot:2)
  2 caustic shrikes (Depths:4)
  5 golden dragons
  3 electric golems
  20 Orb Guardians
  11 tentacled monstrosities
  A hellephant (Zot:5)
  3 liches
  4 quicksilver dragons
  A titan (Depths:4)
  3 deep elf master archers
  18 acid blobs
  4 deep elf blademasters
  10 death cobs
  2 ancient champions (Vaults:3)
  9 shadow dragons
  Kirke (Swamp:1)
  A tengu reaver (Vaults:4)
  12 storm dragons
  4 rockslimes
  4 protean progenitors
  8 draconian monks
  4 fire giants
  4 draconian knights
  19 azure jellies
  3 revenants
  A fenstrider witch (Swamp:2)
  5 deep elf sorcerers
  5 frost giants
  3 balrugs
  11 draconian shifters
  6 emperor scorpions
  6 ghost moths
  2 deep elf elementalists
  10 vault wardens
  2 curse skulls
  6 draconian scorchers
  A juggernaut zombie (Crypt:1)
  A shard shrike simulacrum (Crypt:3)
  4 draconian stormcallers
  13 ghouls
  An orc warlord (Orc:2)
  3 broodmothers
  A spriggan defender (Depths:3)
  8 draconian annihilators
  13 quicksilver oozes
  10 very ugly things
  5 formless jellyfish
  4 ironbound preservers
  9 stone giants
  3 deep elf demonologists
  8 deep elf death magi
  A juggernaut skeleton (Crypt:3)
  26 vampire knights
  5 ironbound thunderhulks
  13 green draconians
  An eleionoma (Lair:3)
  8 dire elephants
  13 black draconians
  2 war gargoyles (Vaults:3)
  14 red draconians
  5 bunyips
  13 yellow draconians
  8 deep elf annihilators
  8 white draconians
  A minotaur (Gauntlet)
  18 spark wasps
  5 purple draconians
  A mummy priest (Crypt:3)
  10 ettins
  4 eidola
  A deep elf high priest (Elf:3)
  8 jiangshi
  A quicksilver dragon zombie (Crypt:3)
  5 entropy weavers
  6 vault guards
  6 yaktaur captains
  7 ice dragons
  15 hydras
  4 rakshasas
  7 fire dragons
  A fenstrider witch zombie (Crypt:1)
  12 great orbs of eyes
  8 alligators
  A catoblepas (Lair:4)
  A jorogumo (Spider:3)
  A ghost crab (Swamp:2)
  A hell beast (Zot:5)
  10 ironbound frosthearts
  A sphinx zombie (Vaults:3)
  A quicksilver dragon skeleton (Crypt:3)
  A radroach (Spider:3)
  4 peacekeepers
  Erica (Orc:2)
  19 dancing weapons
  3 centaur warriors
  4 deep troll earth magi
  18 boulder beetles
  2 deep troll shamans
  9 tengu warriors
  13 demonic crawlers
  A hell hog (Depths:1)
  A death scarab (Spider:2)
  2 two-headed ogres
  5 orc high priests
  3 spriggan berserkers
  A storm dragon zombie (Crypt:3)
  8 hell knights (Depths:1)
  2 occultists (Depths:1)
  A titan zombie (Crypt:3)
  Sonja (D:12)
  14 vampire magi
  14 deep elf knights
  2 sun demons
  5 iron trolls
  2 soul eaters (Depths:1)
  Amaemon (D:8)
  A shadow wraith (Crypt:2)
  3 goliath frogs
  36 skeletal warriors
  2 death drakes (Lair:3)
  2 skysharks (Lair:4)
  A spark wasp zombie (Depths:1)
  A titan skeleton (Crypt:1)
  6 pharaoh ants
  A golden dragon zombie (Depths:2)
  14 deep trolls
  2 flayed ghosts
  6 arcanists
  12 deep elf archers
  9 ironbound convokers
  2 spriggan druids
  9 swamp dragons
  An orb spider (Spider:4)
  5 glowing orange brains
  Pikel (D:8)
  7 necromancers
  20 phantasmal warriors
  6 harpies
  2 tengu zombies
  2 thermic dynamos (Elf:1)
  12 bog bodies
  17 deep elf zephyrmancers
  11 steelbarb worms
  25 deep elf pyromancers
  3 lindwurms
  8 orc knights
  7 orc sorcerers
  2 human zombies (Vaults:3)
  3 shining eyes
  14 wolf spiders
  36 ugly things
  31 moths of wrath
  A manticore (Spider:1)
  2 cyclopes
  A tengu skeleton (Depths:1)
  A frost giant skeleton (Depths:1)
  2 meliai (Spider:4)
  10 elephants
  A rust devil (D:3)
  A moth of wrath (shapeshifter) (Vaults:3)
  3 dire elephant zombies (Crypt:3)
  4 black mambas
  A naga zombie (Crypt:3)
  6 kobold blastminers
  An orange demon (D:8)
  A centaur zombie (Crypt:2)
  11 torpor snails
  6 smoke demons
  10 vault sentinels
  3 gargoyles
  2 titan simulacra
  2 eyes of devastation
  A pale draconian zombie (Crypt:2)
  2 unseen horrors
  8 cane toads
  28 yaktaurs
  An efreet (D:13)
  A dire elephant skeleton (Crypt:1)
  3 tengu conjurers
  4 komodo dragons
  6 guardian mummies (Crypt:3)
  A freezing wraith (D:13)
  8 rime drakes
  A golden dragon simulacrum (Depths:2)
  Psyche (D:12)
  An iron troll zombie (Crypt:1)
  A catoblepas skeleton (Crypt:1)
  6 trolls
  3 red devils (Orc:2)
  25 tarantellas
  41 blink frogs
  2 polar bears
  11 tyrant leeches
  16 hornets
  3 glass eyes
  A radroach zombie (Crypt:2)
  5 dream sheep
  An ice dragon zombie (Crypt:2)
  A slime creature (shapeshifter) (Depths:2)
  111 slime creatures
  17 jumping spiders
  4 vampires
  13 culicivoras
  A fire dragon skeleton (Crypt:3)
  2 shadows
  A ynoxinul (Depths:2)
  15 water elementals
  8 air elementals
  12 wraiths
  10 spriggans
  3 spriggan skeletons
  3 basilisks (Lair:5)
  4 wyverns
  53 yaks
  5 fire elementals
  8 golden eyes
  12 humans (D:14)
  2 hogs (Swamp:1)
  4 wargs
  A neqoxec (Gauntlet)
  Grum (D:8)
  3 steam dragons
  26 vampire mosquitoes
  A black mamba skeleton (Crypt:2)
  2 chaos spawn (Gauntlet)
  55 redbacks
  A skyshark zombie (Crypt:3)
  13 swamp worms
  2 harpy simulacra
  A glowing shapeshifter zombie (Crypt:2)
  5 acid dragons
  An entropy weaver zombie (Crypt:1)
  A merfolk zombie (Crypt:2)
  11 water moccasins
  A deep troll skeleton (Crypt:2)
  A two-headed ogre skeleton (Crypt:1)
  21 orc warriors
  A black bear (Lair:4)
  An ice beast (D:6)
  8 swamp drakes
  A sky beast (D:6)
  29 laughing skulls
  An ogre (shapeshifter) (D:15)
  6 ogres
  3 wolves
  A boggart (Vaults:4)
  4 centaurs
  A centaur (shapeshifter) (D:15)
  A phantom (D:6)
  3 lemures
  3 kobold brigands
  Blork the orc (D:3)
  4 scorpions (D:7)
  12 bullfrogs
  A human simulacrum (Depths:1)
  A gnoll sergeant (D:9)
  A scorpion (shapeshifter) (Elf:2)
  2 human skeletons (Vaults:3)
  A draconian skeleton (Crypt:2)
  10 wights
  A water moccasin skeleton (Crypt:3)
  A warg skeleton (Crypt:2)
  6 killer bees
  8 electric eels
  5 howler monkeys
  A black bear zombie (Crypt:1)
  3 hounds
  10 jellies
  4 bombardier beetles
  22 orc priests
  A gnoll bouda (D:7)
  8 iguanas
  24 orc wizards
  7 hell rats
  8 adders
  A river rat (D:5)
  A swamp drake zombie (Crypt:2)
  10 gnolls
  A shadow imp (D:5)
  A swamp drake skeleton (Crypt:3)
  3 white imps
  4 ufetubi
  4 dart slugs
  A ribbon worm (D:3)
  51 orcs
  10 bats
  2 endoplasms
  2 giant cockroaches
  8 goblins
  6 hobgoblins
  4 jackals (D:1)
  22 kobolds
  3 quokkas
  3 training dummies (D:10)
  7 ball pythons
  3 frilled lizards
  A giant cockroach zombie (Crypt:1)
  A gnoll skeleton (Crypt:2)
  A quokka skeleton (Crypt:2)
  10 rats
  A ballistomycete spore (Lair:2)
  2 butterflies
2076 creatures vanquished.

Vanquished Creatures (collateral kills)
  2 orbs of fire (Zot:5)
  Sojobo (Vaults:4)
  3 caustic shrikes
  A golden dragon (Zot:5)
  A bone dragon (Depths:4)
  Rupert (Lair:5)
  7 Orb Guardians (Zot:5)
  2 deep elf master archers (Elf:3)
  3 tengu reavers (Vaults:4)
  A draconian monk (Zot:1)
  A draconian shifter (Zot:1)
  A deep elf sorcerer (Elf:3)
  Louise (Spider:1)
  2 ghost moths
  An ironbound preserver (Vaults:4)
  A draconian stormcaller (Zot:1)
  A green draconian (Zot:5)
  A red draconian (Zot:2)
  A yellow draconian (Depths:4)
  A war gargoyle (Vaults:4)
  A purple draconian (Zot:2)
  A bunyip (Swamp:3)
  A deep elf annihilator (Elf:3)
  2 dire elephants (Vaults:1)
  An ettin (Depths:4)
  A crystal guardian (Vaults:4)
  2 yaktaur captains (Vaults:4)
  A great orb of eyes (Vaults:4)
  A hell beast (Depths:3)
  3 hydras
  An ironbound frostheart (Vaults:3)
  2 radroaches
  6 dancing weapons (Elf:2)
  An alligator (Swamp:4)
  A boulder beetle (Spider:2)
  A spriggan berserker (Depths:2)
  A demonic crawler (Spider:3)
  A sun demon (Depths:3)
  2 deep elf knights (Elf:2)
  Lodul (D:14)
  An iron troll (Depths:4)
  9 deep trolls
  A glowing orange brain (Vaults:4)
  A skyshark (Lair:4)
  An arcanist (Vaults:4)
  3 swamp dragons
  A sun moth (D:14)
  3 orb spiders
  An ironbound convoker (Vaults:4)
  2 steelbarb worms (Spider:3)
  2 wolf spiders (Spider:2)
  A manticore (D:12)
  A will-o-the-wisp (Swamp:3)
  2 moths of wrath
  Maurice (D:8)
  A cyclops (D:14)
  4 torpor snails
  3 vault sentinels
  4 yaktaurs
  2 blink frogs
  A troll (D:14)
  9 tarantellas
  8 jumping spiders
  5 dream sheep (Lair:4)
  A slime creature (Slime:4)
  9 culicivoras
  A ynoxinul (Depths:3)
  4 humans (D:14)
  16 redbacks
  A swamp worm (Swamp:4)
  2 water moccasins (Lair:4)
  A swamp drake (Swamp:4)
  A sky beast (D:7)
  A phantom (D:7)
  4 wights (D:7)
  A sleepcap (D:5)
  An orc wizard (D:5)
  An adder (D:3)
  A gnoll (D:1)
  A ribbon worm (D:3)
  4 orcs
  An endoplasm (D:1)
  2 kobolds (D:7)
  A quokka (D:1)
  A bat (D:3)
  A frilled lizard (D:1)
  A rat (D:1)
  14 ballistomycete spores
202 creatures vanquished.

Vanquished Creatures (others)
  A thorn hunter (Swamp:4)
  A draconian knight (Zot:3)
  A draconian annihilator (Zot:1)
  A yellow draconian (Zot:1)
  A shambling mangrove (Swamp:4)
  A hydra (Swamp:4)
  2 goliath frogs (Swamp:3)
  A bog body (Swamp:4)
  A swamp dragon (Swamp:4)
  A deep elf zephyrmancer (Elf:2)
  3 harpies
  A wolf spider (Spider:4)
  A rime drake (Lair:5)
  3 bloated husks
  4 hornets
  A slime creature (Slime:4)
  A spriggan (Swamp:3)
  A water elemental (Elf:3)
  A water moccasin (D:8)
  A swamp drake (Swamp:4)
  A sleepcap (D:5)
  2 orcs (D:13)
  2 ballistomycete spores
  4 foxfires (Swamp:3)
37 creatures vanquished.

Grand Total: 2315 creatures vanquished

Notes
Turn   | Place    | Note
-------+----------+-------------------------------------------
     0 | D:1      | NormalPerson7 the Oni Hedge Wizard began the quest for the
                  | Orb.
     0 | D:1      | Reached XP level 1. HP: 16/16 MP: 5/5
    96 | D:1      | Reached skill level 1 in Summonings
    96 | D:1      | Reached skill level 1 in Translocations
   102 | D:1      | Reached skill level 1 in Conjurations
   187 | D:1      | Reached XP level 2. HP: 12/24 MP: 2/6
   283 | D:1      | Learned a level 2 spell: Call Imp
   446 | D:1      | Reached XP level 3. HP: 26/31 MP: 0/8
  1872 | D:2      | Reached skill level 1 in Air Magic
  1872 | D:2      | Reached XP level 4. HP: 28/39 MP: 2/10
  1943 | D:2      | Learned a level 3 spell: Swiftness
  1947 | D:2      | Learned a level 3 spell: Mephitic Cloud
  1950 | D:2      | Learned a level 2 spell: Cigotuvi's Dreadful Rot
  2769 | D:3      | You fall into a shaft and drop 1 floor!
  2976 | D:3      | Noticed Pargi
  3245 | D:4      | Noticed Blork the orc
  3368 | D:4      | Reached XP level 5. HP: 36/41 MP: 3/11
  3371 | D:4      | Learned a level 2 spell: Mercury Vapours
  3448 | D:4      | Found Hueff's Distillery.
  3456 | D:4      | Bought a potion of heal wounds for 50 gold pieces
  3456 | D:4      | Bought a potion of lignification for 30 gold pieces
  3456 | D:4      | Bought a potion of heal wounds for 50 gold pieces
  3456 | D:4      | Bought a potion of enlightenment for 50 gold pieces
  3491 | D:4      | Reached skill level 1 in Alchemy
  4234 | D:3      | Killed Blork the orc
  4235 | D:3      | Reached XP level 6. HP: 30/53 MP: 2/12
  4767 | D:4      | Reached skill level 5 in Spellcasting
  4876 | D:5      | Entered Level 5 of the Dungeon
  5034 | D:5      | Found a staircase to the Ecumenical Temple.
  5063 | Temple   | Entered the Ecumenical Temple
  5077 | Temple   | Became a worshipper of Fedhas Madash
  5245 | D:5      | Found a stormy altar of Qazlal.
  5316 | D:5      | Reached skill level 1 in Fighting
  5316 | D:5      | Reached XP level 7. HP: 57/62 MP: 6/16
  5352 | D:5      | Reached skill level 2 in Fighting
  5598 | D:5      | Reached skill level 3 in Fighting
  6080 | D:5      | Reached skill level 4 in Fighting
  6127 | D:5      | Found a sparkling altar of Nemelex Xobeh.
  6429 | D:6      | Reached skill level 5 in Fighting
  6429 | D:6      | Reached skill level 1 in Evocations
  6703 | D:6      | Reached * piety under Fedhas
  7050 | D:6      | Found a shadowy altar of Dithmenos.
  7191 | D:6      | Reached XP level 8. HP: 77/80 MP: 12/17
  7929 | D:6      | Noticed Grinder
  7929 | D:6      | Paralysed by Grinder for 5 turns
  8741 | D:7      | Reached skill level 5 in Air Magic
  8932 | D:7      | Found Ceohuss's Magic Scroll Shop.
  9323 | D:6      | Grinder changed into Grinder the lemure
  9323 | D:6      | Noticed Grinder
  9344 | D:6      | Killed Grinder the lemure
  9443 | D:6      | Reached XP level 9. HP: 81/88 MP: 11/18
  9571 | D:6      | Identified 2 scrolls of acquirement
  9596 | D:6      | Acquired a book of Necromancy
  9598 | D:6      | Acquired the ring of Ithruenit {rPois rF+ rC+}
 10034 | D:7      | Reached skill level 1 in Necromancy
 10305 | D:6      | Reached ** piety under Fedhas
 10497 | D:6      | Learned a level 1 spell: Necrotise
 11587 | D:7      | Reached skill level 5 in Necromancy
 11788 | D:8      | Noticed a hornet
 11904 | D:8      | Noticed Pikel
 11905 | D:8      | Noticed Maurice
 12002 | D:8      | Killed a hornet
 12007 | D:8      | Learned a level 3 spell: Vampiric Draining
 12071 | D:8      | Reached skill level 6 in Fighting
 12392 | D:8      | Killed Maurice
 12393 | D:8      | Reached skill level 7 in Fighting
 12393 | D:8      | Reached XP level 10. HP: 94/102 MP: 9/19
 12706 | D:8      | Found a basalt altar of Yredelemnul.
 12767 | D:8      | Learned a level 4 spell: Dispel Undead
 12882 | D:8      | Noticed Grum
 13171 | D:8      | Killed Grum
 13269 | D:8      | Noticed an orange demon
 13285 | D:8      | Killed Pikel
 13285 | D:8      | Reached *** piety under Fedhas
 13391 | D:8      | Noticed Amaemon
 13618 | D:8      | Reached skill level 1 in Invocations
 14269 | D:8      | Killed an orange demon
 14458 | D:8      | Killed Amaemon
 14459 | D:8      | Reached skill level 5 in Invocations
 14668 | D:9      | Reached XP level 11. HP: 99/109 MP: 2/20
 15291 | D:9      | Noticed a two-headed ogre
 15353 | D:9      | Killed a two-headed ogre
 15735 | D:9      | Found an iron altar of Okawaru.
 16122 | D:10     | Entered Level 10 of the Dungeon
 16288 | D:9      | Reached **** piety under Fedhas
 16289 | D:9      | Reached skill level 1 in Maces & Flails
 16386 | D:10     | Found a staircase to the Lair.
 16550 | D:7      | Bought a scroll of identify for 24 gold pieces
 16550 | D:7      | Bought a scroll of identify for 24 gold pieces
 16550 | D:7      | Bought a scroll of fog for 48 gold pieces
 16550 | D:7      | Bought a scroll of identify for 24 gold pieces
 16550 | D:7      | Bought a scroll of identify for 24 gold pieces
 16550 | D:7      | Bought a scroll of amnesia for 48 gold pieces
 16554 | D:7      | Bought a scroll of teleportation for 36 gold pieces
 16554 | D:7      | Bought a scroll of vulnerability for 48 gold pieces
 16629 | D:10     | Found Erewenok's Firing Range.
 17012 | D:10     | Found Zin's Purification Station.
 17129 | D:10     | Found a glowing silver altar of Zin.
 17136 | D:10     | Found an ancient bone altar of Kikubaaqudgha.
 17242 | D:10     | Reached skill level 5 in Maces & Flails
 17619 | D:11     | Noticed a cyan ugly thing
 17642 | D:11     | Killed a cyan ugly thing
 17783 | D:11     | Noticed a purple ugly thing
 17814 | D:11     | Killed a purple ugly thing
 17950 | D:11     | Reached skill level 8 in Fighting
 18081 | D:11     | Reached skill level 9 in Fighting
 18584 | D:11     | Reached XP level 12. HP: 109/123 MP: 15/21
 18695 | D:11     | Noticed a boulder beetle
 18708 | D:11     | Killed a boulder beetle
 19160 | D:11     | Reached skill level 1 in Shields
 19489 | Lair:1   | Entered Level 1 of the Lair of Beasts
 19826 | Lair:1   | Reached ***** piety under Fedhas
 20457 | Lair:2   | Noticed an eight-headed hydra
 20554 | Lair:2   | Reached skill level 5 in Shields
 21143 | Lair:2   | Killed an eight-headed hydra
 21412 | Lair:2   | Reached XP level 13. HP: 69/131 MP: 14/22
 22629 | Lair:2   | Found a hole to the Spider Nest.
 22793 | Lair:2   | Reached skill level 10 in Shields
 23844 | Lair:3   | Found a staircase to the Swamp.
 25905 | Lair:4   | Reached skill level 5 in Conjurations
 26010 | Lair:4   | Found a viscous altar of Jiyva.
 26017 | Lair:4   | Found a staircase to the Slime Pits.
 26508 | Lair:5   | Entered Level 5 of the Lair of Beasts
 26722 | Lair:4   | Reached skill level 5 in Alchemy
 27228 | Lair:5   | Noticed Rupert
 27236 | Lair:4   | Reached XP level 14. HP: 112/140 MP: 17/24
 27996 | D:12     | Noticed Psyche
 28001 | D:12     | Killed Psyche
 28024 | D:12     | Reached skill level 10 in Fighting
 28136 | D:12     | Noticed Sonja
 28167 | D:12     | Killed Sonja
 28254 | D:12     | Found a staircase to the Orcish Mines.
 28417 | D:12     | Reached skill level 11 in Fighting
 28494 | D:12     | Learned a level 5 spell: Curse of Agony
 29455 | D:12     | Identified the +1 mace "Woxzur" {flame, ^Fragile rC+++
                  | rCorr}
 29545 | D:13     | Found a bloodstained altar of Trog.
 29893 | D:13     | Reached skill level 10 in Necromancy
 31405 | D:14     | Found a gate leading to a gauntlet.
 31438 | Gauntlet | Entered a Gauntlet
 31438 | Gauntlet | Found a transporter.
 31438 | Gauntlet | Found a transporter.
 31478 | Gauntlet | Found a transporter.
 31478 | Gauntlet | Found a transporter.
 31487 | Gauntlet | Found a transporter.
 31506 | Gauntlet | Found a transporter.
 31512 | Gauntlet | Found a large runed translucent door.
 31513 | Gauntlet | Found a large runed translucent door.
 31515 | Gauntlet | Found a runed translucent gate.
 31516 | Gauntlet | Found a transporter.
 31516 | Gauntlet | Found a transporter.
 31519 | Gauntlet | Found a transporter.
 31523 | Gauntlet | Found a runed translucent gate.
 31523 | Gauntlet | Found a runed translucent gate.
 31525 | Gauntlet | Found a large runed translucent door.
 31526 | Gauntlet | Found a large runed translucent door.
 31526 | Gauntlet | Found a transporter.
 31526 | Gauntlet | Found a large runed translucent door.
 31527 | Gauntlet | Found a large runed translucent door.
 31528 | Gauntlet | Found a large runed translucent door.
 31528 | Gauntlet | Found a large runed translucent door.
 31528 | Gauntlet | Found a runed translucent door.
 31528 | Gauntlet | Found a runed translucent door.
 31529 | Gauntlet | Found a large runed translucent door.
 31530 | Gauntlet | Found a large runed translucent door.
 31532 | Gauntlet | Found a transporter.
 31537 | Gauntlet | Found a large runed translucent door.
 31539 | Gauntlet | Found a large runed translucent door.
 31580 | Gauntlet | Found a transporter.
 31613 | Gauntlet | Found a transporter.
 31627 | Gauntlet | Found a transporter.
 31643 | Gauntlet | Found a large runed translucent door.
 31643 | Gauntlet | Found a large runed translucent door.
 31644 | Gauntlet | Found a large runed translucent door.
 31645 | Gauntlet | Found a large runed translucent door.
 31730 | Gauntlet | Found a transporter.
 31746 | Gauntlet | Found a transporter.
 31749 | Gauntlet | Noticed a dire elephant
 31839 | Gauntlet | Gained mutation: Your spells are a little easier to cast,
                  | but a little less powerful. [a neqoxec]
 31848 | Gauntlet | Lost mutation: Your spells are a little easier to cast, but
                  | a little less powerful. [potion of mutation]
 31848 | Gauntlet | Gained mutation: You are partially covered in iridescent
                  | scales. (AC +2) [potion of mutation]
 31848 | Gauntlet | Gained mutation: You are mostly covered in iridescent
                  | scales. (AC +4) [potion of mutation]
 31961 | Gauntlet | Killed a dire elephant
 32005 | Gauntlet | Identified the ring "Hirr" {rElec Str+4 SInv}
 32078 | Gauntlet | Identified the amulet of Oduih {Spirit SInv}
 32223 | Gauntlet | Identified the ring "Pacs" {Wiz rF+ Str+2}
 32273 | Gauntlet | Identified the staff "Ogrebane" {rN+ Conj Hexes}
 32872 | D:14     | Noticed Nessos
 32872 | D:14     | Noticed Lodul
 32892 | D:14     | Nessos changed into Nessos the sun moth
 32892 | D:14     | Noticed Nessos
 32918 | D:14     | Killed Nessos the sun moth
 32919 | D:14     | Reached XP level 15. HP: 66/149 MP: 16/27
 32955 | D:14     | Killed Lodul
 33097 | D:14     | Found a gate to the Vaults.
 33323 | D:14     | Reached skill level 10 in Maces & Flails
 33423 | D:14     | Got Jaob's Almanac of the Plateau and the Maleficium
 33494 | D:15     | Entered Level 15 of the Dungeon
 33905 | D:15     | Found a staircase to the Depths.
 34488 | Orc:1    | Entered Level 1 of the Orcish Mines
 34682 | Orc:2    | Entered Level 2 of the Orcish Mines
 34682 | Orc:2    | Noticed an orc warlord
 35047 | Lair:5   | Killed Rupert
 35048 | Lair:5   | Reached skill level 12 in Fighting
 35720 | Lair:5   | Reached skill level 13 in Fighting
 36332 | Lair:5   | Learned a level 3 spell: Fugue of the Fallen
 36763 | Orc:2    | Killed an orc warlord
 36851 | Orc:2    | Found a roughly hewn altar of Beogh.
 37148 | Orc:2    | Reached XP level 16. HP: 147/169 MP: 28/28
 37437 | Orc:2    | Found Zitiuh's Antique Weapon Shop.
 37437 | Orc:2    | Found Wuus's Book Shop.
 37446 | Orc:2    | Reached ****** piety under Fedhas
 37609 | Orc:2    | Found a staircase to the Elven Halls.
 37790 | Orc:2    | Found Cumoboet's General Store.
 37790 | Orc:2    | Found Dushrano's Jewellery Shoppe.
 37809 | Orc:2    | Bought a scroll of identify for 26 gold pieces
 38070 | Orc:1    | Found Oxitukk Gaoch's Weapon Shoppe.
 38125 | Orc:1    | Found a roughly hewn altar of Beogh.
 38387 | Orc:1    | Noticed Erica
 38658 | Orc:2    | Killed Erica
 39013 | Orc:1    | Upgraded the game from 0.32-a0-543-gefe97123c3 to
                  | 0.32-a0-572-g3e1049bc92
 39219 | Swamp:1  | Entered Level 1 of the Swamp
 39351 | Spider:1 | Entered Level 1 of the Spider Nest
 39497 | Spider:1 | Noticed Louise
 39513 | Spider:1 | Killed Louise
 39709 | Spider:1 | Learned a level 6 spell: Death Channel
 39759 | Spider:1 | Noticed Naiq's ghost (adept VSBr)
 39763 | Spider:1 | Found a transporter.
 39766 | Spider:1 | Found a transporter.
 39946 | Spider:1 | Reached skill level 10 in Spellcasting
 40859 | Spider:1 | Reached skill level 10 in Invocations
 41449 | Spider:2 | Acquired a ring of willpower
 41651 | Spider:2 | Reached XP level 17. HP: 142/178 MP: 7/32
 41675 | Spider:2 | Reached skill level 14 in Fighting
 42234 | Spider:2 | Reached skill level 15 in Fighting
 42302 | Spider:2 | Learned a level 4 spell: Anguish
 42751 | Spider:2 | Reached skill level 16 in Fighting
 43308 | Spider:3 | Reached skill level 5 in Evocations
 44143 | Spider:4 | Entered Level 4 of the Spider Nest
 44549 | Spider:3 | Reached skill level 17 in Fighting
 45177 | Spider:3 | Reached skill level 18 in Fighting
 45544 | Spider:3 | Reached XP level 18. HP: 192/204 MP: 0/33
 46279 | D:10     | Bought a potion of curing for 90 gold pieces
 46854 | Spider:4 | Reached skill level 19 in Fighting
 47775 | Spider:4 | Got a gossamer rune of Zot
 48987 | Swamp:1  | Found a blossoming altar of Fedhas.
 49237 | Swamp:1  | Noticed Kirke
 49284 | Swamp:1  | Killed Kirke
 49535 | Swamp:1  | Identified the +2 rapier of Past Mistakes {holy, rElec rF-
                  | Str+3 SInv}
 52020 | Swamp:4  | Entered Level 4 of the Swamp
 53049 | Swamp:4  | Reached XP level 19. HP: 211/215 MP: 19/34
 53301 | Swamp:4  | Reached skill level 15 in Shields
 53343 | Swamp:4  | Got a decaying rune of Zot
 53660 | Elf:1    | Entered Level 1 of the Elven Halls
 54112 | Elf:1    | Paralysed by an air elemental for 1 turns
 54808 | Elf:1    | Reached skill level 5 in Dodging
 55261 | Elf:2    | Paralysed by an air elemental for 1 turns
 55294 | Elf:1    | Reached skill level 1 in Armour
 55579 | Elf:2    | Paralysed by an air elemental for 1 turns
 55582 | Elf:2    | Paralysed by an air elemental for 1 turns
 55590 | Elf:1    | Paralysed by an air elemental for 1 turns
 56245 | Elf:2    | Paralysed by an air elemental for 1 turns
 56560 | Elf:2    | Found a runed translucent door.
 56598 | Elf:2    | Found a runed translucent door.
 58032 | Vaults:1 | Entered Level 1 of the Vaults
 58464 | Vaults:1 | Reached skill level 15 in Invocations
 58780 | Vaults:1 | Reached skill level 1 in Throwing
 59593 | Vaults:2 | Reached XP level 20. HP: 226/226 MP: 27/35
 59640 | Vaults:2 | Found a white marble altar of Elyvilon.
 59856 | Vaults:2 | Reached skill level 5 in Throwing
 62617 | Vaults:3 | Found Qofuewk's Book Shop.
 62626 | Vaults:3 | Bought a manual of Throwing for 1360 gold pieces
 62801 | Vaults:3 | Reached skill level 10 in Throwing
 62852 | Vaults:3 | Found a staircase to the Crypt.
 63784 | Vaults:4 | Noticed Sojobo
 63805 | Vaults:4 | Killed Sojobo
 64484 | Vaults:4 | Paralysed by a formless jellyfish for 1 turns
 65018 | Vaults:4 | Reached skill level 15 in Throwing
 65235 | Vaults:4 | Found a transporter.
 65235 | Vaults:4 | Noticed a dread lich
 65236 | Vaults:4 | Noticed Nornya's ghost (veteran MfSu)
 65246 | Vaults:4 | Found a transporter.
 65325 | Vaults:4 | Reached XP level 21. HP: 196/233 MP: 31/36
 66754 | Elf:3    | Entered Level 3 of the Elven Halls
 67209 | Elf:3    | Paralysed by an air elemental for 1 turns
 67295 | Elf:3    | Paralysed by an air elemental for 1 turns
 68423 | Elf:3    | Found Xowuh's Distillery.
 68439 | Elf:3    | Bought a potion of resistance for 170 gold pieces
 68439 | Elf:3    | Bought a potion of curing for 51 gold pieces
 68888 | Elf:2    | Reached skill level 20 in Fighting
 69001 | Elf:3    | Paralysed by an air elemental for 1 turns
 69108 | Elf:3    | Identified the amulet of the Morning {Spirit rC+ Str+8
                  | Slay-6}
 70449 | Elf:3    | Identified the staff "Conservator" {rElec Str+2 Air}
 70464 | Elf:3    | Identified the ring "Uqeiz" {+Blink rF- MP+9 Str+6 Stlth+}
 70471 | Elf:3    | Identified the +1 dagger of Fedhas's Reproof {elec, rElec
                  | rC+ rN++ Will+}
 70515 | Elf:3    | Identified the +3 hand axe of Seinkesm {flame, rPois Will+
                  | rCorr}
 71061 | Depths:1 | Entered Level 1 of the Depths
 71359 | Depths:1 | Reached skill level 15 in Necromancy
 71666 | Depths:1 | Found a gateway to Hell.
 71771 | Depths:1 | Reached XP level 22. HP: 227/247 MP: 29/37
 72012 | Depths:1 | Noticed Saint Roka
 72095 | Depths:1 | Killed Saint Roka
 72547 | Depths:1 | Found a hide-covered altar of Uskayaw.
 72892 | Depths:1 | Found a one-way gate to the infinite horrors of the Abyss.
 74228 | Depths:2 | Found a one-way gate leading to the halls of Pandemonium.
 74322 | Depths:2 | Reached skill level 21 in Fighting
 75574 | Depths:2 | Reached XP level 23. HP: 261/261 MP: 38/38
 75983 | Depths:3 | Reached skill level 22 in Fighting
 76595 | Depths:3 | Found a corrupted altar of Lugonu.
 77434 | Depths:4 | Entered Level 4 of the Depths
 77875 | Depths:4 | Noticed a caustic shrike
 77875 | Depths:4 | Noticed a caustic shrike
 77875 | Depths:4 | Noticed a caustic shrike
 77877 | Depths:4 | Noticed a caustic shrike
 77888 | Depths:3 | Killed a caustic shrike
 78140 | Depths:4 | Killed a caustic shrike
 78305 | Depths:4 | Noticed a caustic shrike
 78534 | Depths:3 | Killed a caustic shrike
 78614 | Depths:4 | Killed a caustic shrike
 78806 | Depths:4 | Killed a caustic shrike
 78988 | Depths:4 | Reached XP level 24. HP: 273/273 MP: 38/38
 79214 | Depths:4 | Found a one-way gateway to a ziggurat.
 79590 | Depths:4 | Found a gate to the Realm of Zot.
 79664 | Depths:4 | Found Xionyiv's Jewellery Emporium.
 79664 | Depths:4 | Found Tugywkur's Book Boutique.
 79665 | Depths:4 | Found Locyl's Jewellery Emporium.
 80400 | Depths:4 | Identified the +0 tower shield of Unreason {+Blink rElec}
 80400 | Depths:4 | Noticed Mennas
 80899 | Slime:1  | Entered Level 1 of the Pits of Slime
 81033 | Lair:4   | Reached skill level 23 in Fighting
 82059 | Slime:1  | Reached skill level 24 in Fighting
 83240 | Slime:5  | Entered Level 5 of the Pits of Slime
 83365 | Slime:3  | Paralysed by a formless jellyfish for 1 turns
 83373 | Slime:3  | Paralysed by a formless jellyfish for 1 turns
 83557 | D:10     | Bought 4 silver javelins for 396 gold pieces
 84534 | Slime:5  | Identified the +1 shortbow "Peumucor" {heavy, Will+}
 84536 | Slime:5  | Got a slimy rune of Zot
 84959 | Slime:5  | Noticed the Royal Jelly
 84970 | Slime:5  | Killed the Royal Jelly
 85049 | Slime:5  | Identified the staff "Siuta" {rPois Int+5 Alchemy}
 85137 | Slime:5  | Identified the amulet "Daopavaa" {Rampage rPois Regen+
                  | Int-5 Stlth+}
 85139 | Slime:5  | Identified the +6 broad axe "Toduqazo" {freeze, rPois rF+
                  | Str+2}
 85145 | Slime:5  | Identified the +9 morningstar of Pride {venom, Fly Str+5}
 85259 | Slime:4  | Paralysed by a formless jellyfish for 1 turns
 86307 | Slime:5  | Found the +10 Black Knight's barding {ponderous, rPois rN+}
 86425 | Slime:5  | Reached skill level 10 in Armour
 87461 | Crypt:1  | Entered Level 1 of the Crypt
 89016 | Crypt:1  | Reached XP level 25. HP: 244/286 MP: 30/38
 91019 | Crypt:2  | Found a transporter.
 91817 | Crypt:2  | Found a transporter.
 91822 | Crypt:2  | Identified the +7 rapier of Hukhlin {freeze, ^Contam +Blink
                  | rPois Str+4}
 92298 | Crypt:2  | Found a basalt altar of Yredelemnul.
 92877 | Crypt:3  | Entered Level 3 of the Crypt
 93605 | Crypt:3  | Found an ancient bone altar of Kikubaaqudgha.
 94478 | Crypt:3  | Found a staircase to the Tomb.
 95186 | Crypt:3  | Identified the ring "Lytugyto" {Fly rC+ rN++}
 95191 | Crypt:3  | Identified the ring "Amemp" {rC+ rN++ Dex-2 Slay+4}
 95192 | Crypt:3  | Paralysed by a vampire knight for 4 turns
 95540 | Crypt:3  | Identified the ring "Huant" {rF+ rC- rN++ AC+4 Stlth+}
 95869 | Crypt:3  | Identified the +0 plate armour "Boraosch" {+Blink rN+}
 96712 | Crypt:3  | Got the Elucidation of Abhorrent Rites
 97707 | Crypt:3  | Learned a level 5 spell: Borgnjor's Vile Clutch
 98071 | Depths:4 | Bought the amulet of Generosity {Faith +Inv rPois rF+} for
                  | 1630 gold pieces
 98142 | Depths:4 | Killed Mennas
 98143 | Depths:4 | Reached skill level 1 in Earth Magic
 98251 | Zot:1    | Entered Level 1 of the Realm of Zot
 98738 | Vaults:4 | Killed Nornya's ghost
 98991 | Vaults:4 | Killed a dread lich
 99749 | Zot:1    | Reached XP level 26. HP: 269/281 MP: 38/38
 99892 | Zot:1    | Reached skill level 5 in Earth Magic
102561 | Zot:2    | Found the +3 warlock's mirror {omnireflect}
103380 | Zot:2    | Reached skill level 10 in Earth Magic
103578 | Zot:2    | Found the +4 dragonskin cloak
103578 | Zot:2    | Noticed Tiamat
103989 | Zot:2    | Killed Tiamat
105761 | Zot:3    | Identified the ring "Erimp" {rPois rF+ rCorr Str+3}
106991 | Zot:3    | Reached skill level 25 in Fighting
107394 | Zot:3    | Reached XP level 27. HP: 301/314 MP: 38/38
108469 | Zot:4    | Learned a level 1 spell: Apportation
108472 | Zot:4    | Learned a level 2 spell: Blink
109688 | Zot:4    | Found Fitypt's CLEARANCE SALE!.
109792 | Zot:5    | Entered Level 5 of the Realm of Zot
110745 | Zot:5    | Reached skill level 26 in Fighting
111108 | Zot:5    | Noticed an orb of fire
111509 | Zot:5    | Noticed an orb of fire
111513 | Zot:5    | Gained mutation: You are frail. (-10% HP) [an orb of fire]
111514 | Zot:5    | Gained mutation: You are weak. (Str -2) [an orb of fire]
111516 | Zot:5    | Killed an orb of fire
111517 | Zot:5    | Noticed an orb of fire
111517 | Zot:5    | Gained mutation: You have very sharp teeth. [an orb of
                  | fire]
111527 | Zot:5    | Killed an orb of fire
111528 | Zot:5    | Gained mutation: You have hidden genetic defects. [an orb
                  | of fire]
111529 | Zot:5    | Identified the +6 mace of Wealth {drain, *Slow rElec rPois
                  | rCorr}
111533 | Zot:5    | Gained mutation: You are very weak. (Str -4) [an orb of
                  | fire]
111536 | Zot:5    | Killed an orb of fire
111655 | Zot:5    | Lost mutation: You are mostly covered in iridescent scales.
                  | (AC +4) [potion of mutation]
111655 | Zot:5    | Lost mutation: You are partially covered in iridescent
                  | scales. (AC +2) [potion of mutation]
111655 | Zot:5    | Gained mutation: You have a pair of horns on your head.
                  | [potion of mutation]
111655 | Zot:5    | Gained mutation: Your flesh is cold resistant. (rC+)
                  | [potion of mutation]
111656 | Zot:5    | Lost mutation: You have a pair of horns on your head.
                  | [potion of mutation]
111656 | Zot:5    | Lost mutation: You are frail. (-10% HP) [potion of
                  | mutation]
111656 | Zot:5    | Lost mutation: Your flesh is cold resistant. (rC+) [potion
                  | of mutation]
111656 | Zot:5    | Lost mutation: You have very sharp teeth. [potion of
                  | mutation]
111656 | Zot:5    | Gained mutation: You are partially covered in large bone
                  | plates. (SH +4) [potion of mutation]
111657 | Zot:5    | Lost mutation: You have hidden genetic defects. [potion of
                  | mutation]
111657 | Zot:5    | Lost mutation: You are very weak. (Str -4) [potion of
                  | mutation]
111657 | Zot:5    | Lost mutation: You are weak. (Str -2) [potion of mutation]
111657 | Zot:5    | Gained mutation: Your muscles are strong. (Str +4, Int/Dex
                  | -1) [potion of mutation]
111657 | Zot:5    | Gained mutation: Your body sometimes deteriorates upon
                  | taking damage. [potion of mutation]
111657 | Zot:5    | Gained mutation: Your health recovers twice as slowly from
                  | being drained. [potion of mutation]
111657 | Zot:5    | Gained mutation: Your system is resistant to poisons.
                  | (rPois) [potion of mutation]
111918 | Zot:5    | Noticed an ancient lich
111921 | Zot:5    | Killed an ancient lich
112796 | Zot:5    | Reached skill level 27 in Fighting
112848 | Zot:5    | Noticed a dread lich
112868 | Zot:5    | Killed a dread lich
114054 | Zot:5    | Got the Orb of Zot
114130 | Zot:1    | Noticed a seraph
114130 | Zot:1    | Identified the +7 tower shield of Good Intentions {rN+}
114561 | D:1      | Noticed Wanwimem the pandemonium lord
114565 | D:$      | Escaped with the Orb!

Illustrated notes

Levels and vault maps discovered:
D:1:      elethiomel_arrival_infinity_welcomes_careful_drivers, layout_rooms
D:2:      layout_loops_cross, grunt_decor_cap
D:3:      layout_rooms, uniq_pargi
D:4:      kennysheep_spiral_hall, layout_cave_pools, serial_shops,
          nicolae_diamond_shop, serial_glass, glass_columns_a, glass_columns_a,
          lightli_minifort, uniq_blork_the_orc
D:5:      layout_loops_cross, nicolae_overflow_squiral,
          minmay_temple_entry_butterflies, portal_sewer_entry_b
D:6:      nicolae_cairo_tiling_large, layout_basic,
          nicolae_dithmenos_the_darkroom, uniq_grinder
D:7:      old_forge, layout_basic, serial_shops, shop
D:8:      layout_rooms, marbit_many_paths, uniq_amaemon, uniq_maurice,
          uniq_pikel, uniq_grum
D:9:      layout_gridville, old_standard_altar, chequers_serial_rivers_small_3
D:10:     layout_roguey, kiku_gazebo_pond_becter, zin_purify, lair_entry_dummy,
          nicolae_shop_firing_range
D:11:     layout_irregular_city, serial_bayou_lake_a
D:12:     layout_loops_ring, minmay_orc_entry_guard_dogs, uniq_sonja,
          uniq_psyche
D:13:     layout_basic, nicolae_benzene_ring, trog_hazing_becter
D:14:     layout_loops_ring, david_vaults_3, gauntlet_entry_generic
D:15:     gammafunk_enter_depths_forms, layout_basic
Temple:   hellmonk_temple_two_chambers
Lair:1:   layout_misc_corridors
Lair:2:   layout_chaotic_city, spider_nest_entry_funnel_web
Lair:3:   layout_loops_ring, minmay_swamp_entry_worms,
          infiniplex_staircase_pool, lemuel_fruit_fields
Lair:4:   beargit_carnivore_pack, layout_regular_city,
          nicolae_slime_entry_field_trip, serial_bayou_crossing
Lair:5:   wormcave, layout_big_grid, guppyfry_lair_end_dragon,
          grunt_megastairs_1, lemuel_fruit_fields, serial_bayou_shore_b,
          uniq_rupert
Swamp:1:  layout_basic_swamp, nicolae_swamp_godswood, swamp_pool_3,
          nicolae_swamp_drake_lake, uniq_kirke
Swamp:2:  layout_falls_marsh, evilmike_swamp_ruin_house_6, swamp_pool_3
Swamp:3:  layout_falls_marsh, evilmike_swamp_ruin_rubble_2
Swamp:4:  swamp_basic_johnstein, layout_basic_swamp
Spider:1: layout_cave_pods, gammafunk_ghost_arena, uniq_louise
Spider:2: layout_spider_delve, nicolae_spider_paper_wasps
Spider:3: layout_spider_delve, einodemon_crawler_minivault
Spider:4: hellmonk_spider_rune_bug_friends
Slime:1:  layout_caves
Slime:2:  layout_caves, special_room [special_room_jelly]
Slime:3:  layout_caves, cheibrodos_slime_lost_civilization_6
Slime:4:  layout_caves
Slime:5:  slime_pit_nicolae_inversion
Orc:1:    layout_caves, basic_altar, serial_shops, nicolae_shop_window_shopping,
          nicolae_orc_crystal_geode, uniq_erica
Orc:2:    st_orc_elflike, layout_caves, basic_altar,
          einodemon_armed_red_devil_minivault
Elf:1:    layout_loops_corners, nicolae_elf_blasts_and_bolts
Elf:2:    elven_hall_of_blades_hangedman_original
          [nicolae_blade_entry_splitting_headache], layout_rooms
Elf:3:    minmay_elf_hall, layout_onion_city, serial_shops, shop,
          amethyst_killhole
Vaults:1: vaults_room_pool, ontoclasm_vaults_pinch,
          nicolae_vaults_cornered_office, nicolae_vaults_trapezoid_4,
          nicolae_vaults_network_barrier, vaults_dpeg_ring,
          nicolae_vaults_little_squares_1, ontoclasm_vaults_decontamination,
          nicolae_vaults_door_testing_chamber, nicolae_vaults_tetromino_T_1,
          v_misc_8, layout_vaults_maze_snakey
Vaults:2: nicolae_vaults_tetromino_Z_1, nicolae_vaults_six-pack,
          lemuel_angel_altar, vaults_room_door_ring, ontoclasm_vaults_twist,
          v_misc_8, nicolae_vaults_surprise_closet, nicolae_vaults_six-pack,
          layout_vaults_omnigrid
Vaults:3: vaults_mumra_lcd, v_misc_11, nicolae_vaults_storage_room_doors,
          minmay_crypt_entry_simple_box, nicolae_vaults_tetromino_T_1,
          nicolae_vaults_six-pack, v_misc_13, vaults_room_hangedman_quadrants,
          layout_vaults_chaotic_city, serial_shops, shop
Vaults:4: gammafunk_ghost_arena, hangedman_vaults_restitches,
          vaults_dpeg_diagonal, vaults_mumra_hexcomb, v_rooms_2,
          nicolae_vaults_tetromino_Z_2, v_misc_9, ontoclasm_vaults_shout,
          nicolae_vaults_weapon_check, v_misc_1, nicolae_vaults_cochlea,
          nicolae_vaults_two_Ls, layout_vaults_omnicross, uniq_sojobo
Crypt:1:  layout_misc_corridors
Crypt:2:  layout_chaotic_city, gammafunk_ghost_abyssal_escape,
          weyrava_vampire_temple
Crypt:3:  church_of_pain_bobbens, layout_chaotic_city, tomb_entry_shell_bobbens
Depths:1: layout_long_grid, nicolae_abyss_entry_one_way_or_another, hellmouth_3,
          serial_bayou_lagoon_a, eat_drink_and_be_merry_uskayaw, uniq_saint_roka
Depths:2: nicolae_BIG_FREAKIN_CUBE, layout_cave_pools, pf_hell_entry_great_geh,
          grunt_pan_entry_in_and_out, chequers_big_river
Depths:3: minmay_ornate_pinched, layout_cross, rand_demon_pan_entry_5,
          hell_entry, hangedman_glass_garden, abyss_entry_flame_altar
Depths:4: grunt_zot_entry_funnels, layout_cave_shapes, enter_ziggurat_b,
          hell_entry, drop_trap, grunt_megastairs_2, minmay_shop_grove,
          uniq_mennas
Zot:1:    layout_basic, hangedman_zot_wheel_spokes
Zot:2:    layout_gridlike, hangedman_zot_decor_scrapings,
          regret_index_zotdec_silver_v_v_orig_slice, uniq_tiamat
Zot:3:    layout_basic, grunt_megastairs_4
Zot:4:    layout_onion, nicolae_shop_clearance
Zot:5:    layout_twisted_circle

Skill      XL: |  1  2  3  4  5  6  7  8  9 10 11 12 13 14 15 16 17 18 19 20 21 22 23 24 25 26 27 |
---------------+----------------------------------------------------------------------------------+-----
Summonings     | 1 |  1.0
Translocations | 1 |  1.0
Conjurations   | 1 5 7 |  7.0
Spellcasting   | 4 6 8 11 | 11.0
Air Magic      | 1 2 6 |  6.7
Alchemy        | 2 3 5 |  5.0
Fighting       | 1 5 7 9 11 13 18 19 20 21 22 24 25 27 | 27.0
Evocations     | 2 3 6 |  6.0
Necromancy     | 6 9 12 13 14 15 | 15.1
Invocations    | 6 9 12 15 17 | 17.0
Maces & Flails | 6 8 12 | 12.0
Shields        | 8 11 14 15 | 15.0
Dodging        | 5 |  5.0
Armour         | 4 6 10 13 | 13.0
Throwing       | 4 15 18 19 20 22 25 | 25.1
Earth Magic    | 4 10 | 10.0
Stealth        | |  1.4

Action                     |  1- 3 |  4- 6 |  7- 9 | 10-12 | 13-15 | 16-18 | 19-21 | 22-24 | 25-27 || total
---------------------------+-------+-------+-------+-------+-------+-------+-------+-------+-------++-------
  Melee: Dagger            |     5 |    50 |   261 |       |       |       |       |       |       ||   316
         Headbutt          |     2 |    16 |    56 |    88 |   282 |   417 |   710 |   693 |   345 ||  2609
         Falchion          |       |       |    15 |    39 |       |       |       |       |       ||    54
         Demon whip        |       |       |       |   299 |   998 |  1337 |  2249 |  1829 |  1003 ||  7715
         Staff             |       |       |       |       |    31 |       |       |       |    27 ||    58
  Throw: Large rock        |       |       |       |       |       |       |    68 |   193 |   412 ||   673
         Javelin           |       |       |       |       |       |       |       |     6 |   112 ||   118
         Throwing net      |       |       |       |       |       |       |       |       |     1 ||     1
   Cast: Magic Dart        |    84 |   126 |   104 |     5 |     2 |       |       |       |       ||   321
         Call Imp          |     6 |    19 |    94 |     2 |     2 |       |       |       |       ||   123
         Cigotuvi's Dreadf |       |     3 |     2 |       |     1 |       |       |       |       ||     6
         Mephitic Cloud    |       |     9 |    39 |    76 |   126 |   154 |   196 |    52 |     7 ||   659
         Swiftness         |       |     1 |       |       |       |       |       |       |       ||     1
         Mercury Vapours   |       |     4 |    68 |    85 |    22 |     1 |       |       |       ||   180
         Necrotise         |       |       |    22 |     7 |     8 |       |       |       |       ||    37
         Vampiric Draining |       |       |       |    36 |    32 |     7 |       |       |       ||    75
         Dispel Undead     |       |       |       |    26 |    32 |    37 |    19 |    80 |   406 ||   600
         Curse of Agony    |       |       |       |       |    13 |   113 |    46 |    21 |       ||   193
         Death Channel     |       |       |       |       |       |    24 |    17 |       |       ||    41
         Fugue of the Fall |       |       |       |       |       |    13 |     6 |       |       ||    19
         Anguish           |       |       |       |       |       |     6 |     4 |       |       ||    10
         Borgnjor's Vile C |       |       |       |       |       |       |       |       |     1 ||     1
 Invoke: Wall of Briars    |       |       |     2 |     2 |     4 |     4 |     5 |     9 |     5 ||    31
         Grow Ballistomyce |       |       |       |     2 |     4 |     1 |       |       |       ||     7
         Grow Oklob        |       |       |       |     1 |     4 |     3 |    11 |     7 |    17 ||    43
         Overgrow          |       |       |       |       |     3 |       |       |     1 |       ||     4
Ability: Evoke Blink       |       |       |       |       |       |       |       |       |     9 ||     9
         Evoke Invisibilit |       |       |       |       |       |       |       |       |     1 ||     1
  Evoke: Wand              |       |       |     5 |       |    21 |    17 |     9 |     8 |    18 ||    78
         Condenser vane    |       |       |       |       |     2 |     1 |       |     1 |     2 ||     6
         Sack of spiders   |       |       |       |       |       |     1 |     1 |       |       ||     2
         Phial of floods   |       |       |       |       |       |       |     1 |       |     1 ||     2
         Lightning rod     |       |       |       |       |       |       |       |       |     2 ||     2
    Use: Potion            |     1 |       |     1 |       |     5 |    10 |       |     7 |    17 ||    41
         Scroll            |     1 |     5 |     6 |    11 |     9 |    11 |     4 |    16 |    22 ||    85
   Stab: Sleeping          |       |     1 |     2 |       |       |       |       |     2 |     1 ||     6
         Confused          |       |     6 |    12 |    19 |    49 |    51 |   101 |    28 |     7 ||   273
         Distracted        |       |       |       |       |     3 |     4 |     6 |     2 |     3 ||    18
         Invisible         |       |       |       |       |     2 |     3 |       |       |       ||     5
         Petrifying        |       |       |       |       |       |       |       |       |     2 ||     2
         Held in net/web   |       |       |       |       |       |       |       |       |     2 ||     2
         Paralysed         |       |       |       |       |       |       |       |       |     1 ||     1
 Armour: Robe              |    20 |    70 |   263 |   112 |       |       |       |       |       ||   465
         Acid dragon scale |       |       |       |   235 |   811 |  1397 |  1264 |  1543 |    10 ||  5260
         Shadow dragon sca |       |       |       |       |       |       |       |       |  1344 ||  1344
  Dodge: Dodged            |    16 |    51 |   163 |   134 |   332 |   451 |   300 |   485 |   224 ||  2156
  Block: Kite shield       |       |       |       |       |   388 |   886 |   809 |  1043 |   228 ||  3354
         Tower shield      |       |       |       |       |       |       |       |       |   587 ||   587

Table legend: (Time is in decaauts)
 A = Elapsed time spent in this place.
 B = Non-inter-level travel time spent in this place.
 C = Inter-level travel time spent in this place.
 D = Time resting spent in this place.
 E = Time spent auto-exploring this place.
 F = Levels seen in this place.
 G = Mean time per level.
                   A        B        C        D        E       F      G
               +--------+--------+--------+--------+--------+-----+--------+
         Total | 112105 |  98991 |  13114 |  42177 |  30083 |  56 | 2001.9 |
       Dungeon |  27989 |  23286 |   4703 |   9428 |   7848 |  15 | 1865.9 |
        Temple |     28 |     28 |      0 |      0 |      0 |   1 |   28.0 |
          Lair |  12408 |  10788 |   1620 |   5492 |   2984 |   5 | 2481.6 |
         Swamp |   4624 |   4357 |    267 |   1492 |   1618 |   4 | 1156.0 |
   Spider Nest |   8114 |   7260 |    854 |   3525 |   1377 |   4 | 2028.5 |
    Slime Pits |   5014 |   4277 |    737 |   1462 |    882 |   5 | 1002.8 |
  Orcish Mines |   2876 |   2468 |    408 |    808 |   1053 |   2 | 1438.0 |
   Elven Halls |   8048 |   7165 |    883 |   2481 |   2000 |   3 | 2682.7 |
        Vaults |  11242 |   9383 |   1859 |   3816 |   3352 |   4 | 2810.5 |
         Crypt |   7822 |   7505 |    317 |   4204 |   1586 |   3 | 2607.3 |
        Depths |   8966 |   8064 |    902 |   3414 |   2299 |   4 | 2241.5 |
           Zot |  14095 |  13535 |    560 |   5811 |   4791 |   5 | 2819.0 |
      Gauntlet |    873 |    873 |      0 |    242 |    292 |   1 |  873.0 |
               +--------+--------+--------+--------+--------+-----+--------+

Top non-repeatable levels by time:
 Crypt:3: 4406 daAuts
Vaults:3: 4083 daAuts
   Zot:3: 3599 daAuts
   Zot:5: 3543 daAuts
     D:7: 3447 daAuts
  Lair:2: 3432 daAuts
  Lair:4: 3417 daAuts
   Elf:2: 3029 daAuts
   Zot:1: 2834 daAuts
Vaults:4: 2799 daAuts
   Zot:2: 2778 daAuts
   Elf:3: 2751 daAuts
Depths:4: 2685 daAuts
Spider:3: 2644 daAuts
  Lair:3: 2566 daAuts
